 Dungeon Crawl Stone Soup version 0.31.0-9-g3a7656b989 (webtiles) character file.

Game seed: 17662207765255530264

89 qw the Shooter (level 4, 0/25 HPs)
             Began as a Deep Elf Hunter on Feb 2, 2024.
             Slain by an iguana (7 damage)
             ... on level 3 of the Dungeon.
             The game lasted 00:00:07 (1815 turns).

qw the Shooter (Deep Elf Hunter)                    Turns: 1815, Time: 00:00:07

Health: 0/25       AC:  7    Str:  9 (10) XL:     4   Next: 31%
Magic:  6/6        EV: 11    Int: 12 (14) God:
Gold:   146        SH:  0    Dex: 22 (24) Spells: 3/3 levels left

rFire   . . .        a - +0 shortbow (elec)
rCold   . . .        (shield currently unavailable)
rNeg    . . .        b - +1 ring mail
rPois   .            k - +0 helmet
rElec   .            (no cloak)
rCorr   .            (no gloves)
SInv    .            (no boots)
Will    .....        d - amulet of regeneration
Stlth   ++           l - +6 ring of dexterity
HPRegen 1.04/turn    (no ring)
MPRegen 0.10/turn

%: no passive effects
@: about to teleport
A: no striking features
a: no special abilities


You were on level 3 of the Dungeon.
You visited 1 branch of the dungeon, and saw 3 of its levels.

You collected 146 gold pieces.


   Skills:
 - Level 1.5 Fighting
 + Level 7.7 Ranged Weapons
 - Level 2.4 Dodging
 - Level 1.2 Stealth


You had 3 spell levels left.
You didn't know any spells.
Your spell library was empty.

Inventory:

Hand Weapons
 a - a +0 shortbow of electrocution (weapon)
Armour
 b - a +1 ring mail (worn)
 k - a +0 helmet (worn)
Jewellery
 d - an amulet of regeneration (around neck)
 l - a +6 ring of dexterity (left hand)
Potions
 e - a potion of might
 g - a potion of brilliance {unknown}
 i - a potion of heal wounds {unknown}
 j - a potion of haste {unknown}
 m - a potion of curing {unknown}
 n - a potion of mutation {unknown}

Dungeon Overview and Level Annotations

Branches:
Dungeon (3/15)

Altars:

Annotations:
D:3 2 runed translucent doors, qw's ghost, amateur DEHu


Message History

The stream of webbing misses you.
You shoot an arrow.
The arrow barely misses the ribbon worm.
You shoot an arrow.
The arrow hits the ribbon worm but does no damage.
The ribbon worm is lightly wounded.
You shoot an arrow. The arrow hits the ribbon worm.
The ribbon worm is moderately wounded.
You shoot an arrow.
The arrow barely misses the ribbon worm.
You shoot an arrow. The arrow hits the ribbon worm!
The ribbon worm is almost dead.
The ribbon worm barely misses you.
You shoot an arrow. The arrow hits the ribbon worm!
You kill the ribbon worm!
You now have 146 gold pieces (gained 13).
An iguana comes into view.
You shoot an arrow. The arrow barely misses the iguana.
The iguana bites you.
You shoot an arrow. The arrow closely misses the iguana.
The iguana misses you.
You shoot an arrow. The arrow hits the iguana.
The iguana is lightly wounded.
The iguana bites you.
You shoot an arrow.
The arrow hits the iguana but does no damage.
The iguana is lightly wounded.
The iguana misses you. The iguana barely misses you.
You shoot an arrow.
The arrow hits the iguana but does no damage.
Lightning courses through the iguana!
The iguana is almost dead.
The iguana bites you!
You shoot an arrow. The arrow closely misses the iguana.
The iguana bites you.
1815 ||| READING scroll of teleportation.
As you read the scroll of teleportation, it crumbles to dust.
You feel strangely unstable. The iguana bites you!
You die...

############
#........@.#
#.########l#
#.# .# #.# .#
#.# ######+#
#.# #.......
#.# #.......
#.# #.......
##.###.......


You could see an iguana.

Vanquished Creatures
  2 adders (D:2)
  2 dart slugs (D:2)
  4 ribbon worms
  4 ball pythons
  5 endoplasms
  2 giant cockroaches (D:3)
  2 goblins (D:1)
  7 hobgoblins
  4 jackals (D:2)
  5 kobolds
  3 quokkas (D:1)
  5 bats
  5 frilled lizards
  8 rats
58 creatures vanquished.

Notes
Turn   | Place    | Note
-------+----------+-------------------------------------------
     0 | D:1      | qw the Deep Elf Hunter began the quest for the Orb.
     0 | D:1      | Reached XP level 1. HP: 12/12 MP: 3/3
     0 | D:1      | 0 ||| qw: Version: 0.3-a-155-g5e7d8dd
     0 | D:1      | 0 ||| qw: Game counter: 1789
     0 | D:1      | 0 ||| qw: Melee chars always use a shield: true
     0 | D:1      | 0 ||| qw: God list: Okawaru
     0 | D:1      | 0 ||| qw: Allow faded altars: false
     0 | D:1      | 0 ||| qw: Do Orc after clearing Dungeon:15 true
     0 | D:1      | 0 ||| qw: Do second Lair branch before Depths: true
     0 | D:1      | 0 ||| qw: Lair rune preference: random
     0 | D:1      | 0 ||| qw: Goals: Normal
     0 | D:1      | 0 ||| PLANNING D:1-11
    87 | D:1      | Reached skill level 6 in Ranged Weapons
    87 | D:1      | Reached XP level 2. HP: 16/16 MP: 4/4
   510 | D:1      | 510 ||| UPGRADING to amulet of regeneration.
   515 | D:1      | 515 ||| READING scroll labelled WYFE POORI.
   516 | D:1      | 516 ||| READING 2 scrolls labelled RODDY FESCH.
   581 | D:1      | 581 ||| READING scroll labelled AMNYTAG ANNUZI.
   581 | D:1      | 581 ||| BRANDING +0 shortbow.
   582 | D:1      | 582 ||| DRINKING 2 bubbling ruby potions.
   583 | D:1      | 583 ||| DROPPING scroll of butterflies.
   769 | D:1      | 769 ||| UPGRADING to +0 ring mail.
   779 | D:1      | 779 ||| DROPPING +0 leather armour.
   780 | D:1      | 780 ||| READING scroll labelled COXKOXKAESH.
   780 | D:1      | 780 ||| ENCHANTING +0 ring mail.
   871 | D:2      | Reached XP level 3. HP: 18/20 MP: 5/5
   909 | D:2      | Reached skill level 7 in Ranged Weapons
  1354 | D:2      | Reached XP level 4. HP: 25/25 MP: 6/6
  1635 | D:2      | 1635 ||| UPGRADING to +0 helmet.
  1640 | D:2      | 1640 ||| UPGRADING to +6 ring of dexterity.
  1641 | D:2      | 1641 ||| READING scroll labelled PONITE XEVUNEF.
  1642 | D:2      | 1642 ||| DRINKING 2 fuming yellow potions.
  1643 | D:2      | 1643 ||| DROPPING potion of degeneration.
  1743 | D:3      | Found a large runed translucent door.
  1743 | D:3      | Found a large runed translucent door.
  1745 | D:3      | Noticed qw's ghost (amateur DEHu)
  1814 | D:3      | HP: 6/25 [iguana (5)]
  1815 | D:3      | 1815 ||| READING scroll of teleportation.
  1815 | D:3      | Slain by an iguana

Levels and vault maps discovered:
D:1:      erik_arrival_orb_chamber, layout_loops_ring, hangedman_glass_teeth,
          skrybe_limestone_x
D:2:      layout_basic
D:3:      layout_basic, minitemple, ebering_ghost_disaster_area,
          hangedman_decor_push, uniq_terence

Skill      XL: |  1  2  3 |
---------------+----------+-----
Ranged Weapons | 6 7 |  7.7
Fighting       | |  1.5
Dodging        | |  2.4
Stealth        | |  1.2

Action                     |  1- 3 |  4- 6 || total
---------------------------+-------+-------++-------
   Fire: Shortbow          |   131 |    39 ||   170
    Use: Scroll            |     4 |     2 ||     6
         Potion            |     1 |     1 ||     2
 Armour: Leather armour    |    14 |       ||    14
         Ring mail         |    30 |     9 ||    39
  Dodge: Dodged            |    36 |     9 ||    45

Table legend:
 A = Non-vault XP
 B = Vault XP
 C = Vault XP percentage of total XP
 D = Non-vault monster count
 E = Vault monster count
 F = Vault count percentage of total count
                 A         B        C        D         E       F
            +---------+---------+-------+---------+---------+-------
      Total |     128 |       0 |   0.0 |      58 |       0 |   0.0
            +---------+---------+-------+---------+---------+-------
        D:1 |      36 |       0 |   0.0 |      22 |       0 |   0.0
        D:2 |      77 |       0 |   0.0 |      29 |       0 |   0.0
        D:3 |      15 |       0 |   0.0 |       7 |       0 |   0.0
            +---------+---------+-------+---------+---------+-------
